← All builds
Geo / Armada / Economy first / OBSERVED BUILD

Standard geo

Armada Geo build order · Supreme Isthmus

Standard Geo economy opening leading into T2 constructor and Starlight units sent to front as the team's first T2 push.

Usually blows up the commander for T2 (67%)

#eco #t2 #push · 762 distinct matches · 111 players · 59% of Armada Geo games · team won 54% of 857 · Recently observed

HOW TO PLAY IT

Key timing: Geothermal Powerplant by 3:26

  1. Open mex and wind into Bot Lab.
  2. Rush geothermal for the early energy spike.
  3. Add Advanced Metal Extractor, then Advanced Geothermal by 7:07.
  4. Bring up Vehicle Plant alongside T2 con for "Starlight" and vehicles.
  5. Funnel "Starlight" and T1 vehicles to front, pay allies with cons and "Lazarus".

Phase by phase

TYPICAL OF ITS 762 GAMES
  1. 1
  2. 2
  3. 3
  4. 4
PLAY THE OPENING

Follow the example game's first 6:00 step by step: what to build now, what comes next, and where it goes. At 1× it keeps pace with your own game.

  1. 1

    Up to the Bot Lab

    Economy
    • Metal Extractor2Mex
    • Wind Turbine4Wind
    Order
    1. Bot LabBot Lab after 2 mex, 4 winddone ~1:12, middle half 0:58–1:22

    By 0:55 in all: 2 mex · 4 wind

    The example game in this phase · 3 steps
    1. Mex ×3
    2. Wind ×3
    3. Bot LabBot Labdone 1:15 · typical 1:12
  2. 2

    Bot Lab to 5:00

    Economy
    • Metal Extractor2Mex
    • Wind Turbine3Wind
    • Energy Converter8Converter
    • Energy Storage1Energy storage
    Order
    1. Geothermal PowerplantGeo after 4 mex, 5 wind, 1 energy storage
    Builders
    • Construction Turret5 Con turret
    • Lazarus4 Lazarus
    • Construction Bot2 Con bot
    • Construction Bot1 Con bot for allies
    • Lazarus1 Lazarus for allies

    By 5:00 in all: 4 mex · 7 wind · 1 geo · 8 converter · 1 energy storage · 5 con turret

    The example game in this phase · 20 steps
    1. LazarusLazarus
    2. Wind
    3. Construction BotCon botfor Beach sea
    4. Wind
    5. TickTick ×2
    6. LazarusLazarus
    7. Construction BotCon bot
    8. Mex ×2
    9. Construction BotCon botfor Beach sea
    10. Mex
    11. Wind
    12. LazarusLazarus
    13. LazarusLazarusfor Beach sea
    14. LazarusLazarus
    15. Geothermal PowerplantGeodone 3:48 · typical 3:26
    16. LazarusLazarus
    17. Construction BotCon bot
    18. Con turret ×3
    19. Energy storage
    20. Converter
  3. 3

    5:00 to Vehicle Plant

    Order
    1. Advanced Geothermal PowerplantAdvanced Geothermal Powerplant after 8 wind, 10 converter, 6 con turretin 59% of games
    2. Vehicle PlantVehicle Plant after 10 wind, 10 converter, 6 con turretdone ~7:07, middle half 6:41–7:40
    Builders
    • Construction Turret1 Con turret

    Some games also: converter (49%) · wind (47%)

    By 7:00 in all: 4 mex · 10 wind · 1 geo · 1 Advanced Geothermal Powerplant · 10 converter · 1 energy storage

    The example game in this phase · 15 steps
    1. Wind
    2. Converter
    3. Advanced Metal ExtractorT2 mexdone 5:57 · typical 5:34
    4. Wind ×2
    5. Converter
    6. Wind
    7. Converter
    8. Wind ×2
    9. Advanced Metal ExtractorT2 mex ×2
    10. Advanced Geothermal PowerplantAdvanced Geothermal Powerplantdone 7:49 · typical 7:07
    11. Mexfor Beach sea
    12. Advanced Metal ExtractorT2 mex
    13. Con turret
    14. Mexfor Beach sea
    15. Vehicle PlantVehicle Plantdone 8:10 · typical 7:07
  4. 4

    Vehicle Plant to 10:00

    Economy
    • Wind Turbine5Wind
    • Energy Converter3Converter
    Order
    1. Advanced Vehicle PlantAdvanced Vehicle Plant after 11 wind, 11 converter, 7 con turret
    Builders
    • Construction Vehicle1 Con vehicle
    Army
    • Starlight2 Starlight
    • Umbra1 Jammer
    • Prophet1 Radar vehicle

    Some games also: con turret (49%) · T2 con vehicle for allies (48%) · Jaguar (31%)

    By 10:00 in all: 4 mex · 20 wind · 1 geo · 1 Advanced Geothermal Powerplant · 16 converter · 1 energy storage

    The example game in this phase · 74 steps
    1. Construction VehicleCon vehicle
    2. Advanced Vehicle PlantAdvanced Vehicle Plantdone 8:54 · typical 8:07
    3. Advanced Construction VehicleT2 con vehiclefor Suicide front
    4. Radar TowerRadar Tower
    5. BeamerBeamer
    6. StarlightStarlightdone 9:33 · typical 9:03
    7. NettleNettle
    8. StarlightStarlight
    9. Metal storage
    10. StarlightStarlight
    11. ProphetRadar vehicle
    12. UmbraJammer
    13. Hovercraft PlatformHovercraft Platform ×2done 11:06
    14. Con turret ×2
    15. Bot LabBot Labdone 11:29
    16. TickTick
    17. Con turret
    18. TickTick ×2
    19. SeekerSeeker
    20. TickTick
    21. SeekerSeeker ×4
    22. TickTick
    23. SeekerSeeker ×5
    24. TickTick
    25. SeekerSeeker ×5
    26. TickTick
    27. SeekerSeeker ×4
    28. TickTick
    29. SeekerSeeker ×4
    30. TickTick
    31. SeekerSeeker ×6
    32. TickTick
    33. SeekerSeeker ×2
    34. Advanced Construction VehicleT2 con vehicle
    35. SeekerSeeker
    36. Con turret
    37. SeekerSeeker
    38. TickTick ×2
    39. Con turret
    40. SeekerSeeker ×2
    41. TickTick
    42. SeekerSeeker
    43. Con turret
    44. SeekerSeeker ×2
    45. TickTick
    46. SeekerSeeker
    47. Fusion ReactorFusiondone 13:36
    48. SeekerSeeker
    49. Con turret
    50. TickTick
    51. SeekerSeeker ×2
    52. TickTick
    53. SeekerSeeker
    54. TickTick
    55. SeekerSeeker ×2
    56. TickTick
    57. SeekerSeeker
    58. TickTick
    59. SeekerSeeker
    60. TickTick
    61. SeekerSeeker ×6
    62. TickTick
    63. SeekerSeeker ×2
    64. CitadelAnti-nukedone 14:38
    65. SeekerSeeker ×2
    66. TickTick
    67. SeekerSeeker
    68. TickTick
    69. SeekerSeeker
    70. TickTick ×2
    71. SeekerSeeker
    72. TickTick
    73. SeekerSeeker ×4
    74. Advanced Fusion ReactorAdvanced Fusion Reactornot finished by 15:00

Counts are medians over the build's games: half of them build more, half fewer. The example game is C0np0c's (36 OS, 01/10/2026); pick another.

Team trades

IN AT LEAST 30% OF ITS GAMES

You hand over

  • Lazarus1 Lazarus to Beach seafirst at 2:16 · in 77% of games
  • Construction Bot1 Con bot to Beach seafirst at 2:30 · in 87% of games
  • Advanced Construction Vehicle1 T2 con vehicle to Suicide front or Frontfirst at 8:52 · in 62% of games

You get

  • Hercules1 Light transport from Airfirst at 4:19 · in 34% of games
  • Advanced Construction Bot1 T2 con bot from Techfirst at 4:48 · in 95% of games

How it plays out

Typical game of this build, running totals by minute

Metal produced

020k40k
0:005:0010:0015:00

metal

Enemy metal destroyed

05k10k15k
0:005:0010:0015:00

metal

Own metal lost

02.5k5k7.5k
0:005:0010:0015:00

metal

857 games.

Show as table
ByMetal produced: This buildEnemy metal destroyed: This buildOwn metal lost: This build
1:0033300
2:0082800
3:00152800
4:00270600
5:00372900
6:00572000
7:00814000
8:0011502021
9:001450952130
10:0017425627320
11:00204052075790
12:002330539821933
13:002611260863295
14:002900184934700
15:0031601103396090
WHAT THE NUMBERS SAY

Standard Geo build dominates the resource numbers, with zero own losses through 10:00 and a huge metal lead by 15:00.

  • + Metal produced hits 31426 by 15:00, highest of all six builds
  • + Own metal lost is 0 by 5:00 and only 334 by 10:00
  • − First Starlight only arrives in 57% of games by 9:19
  • − Advanced geothermal lands in just 69% of games by 7:16
THE EXAMPLE YOU ARE READING

C0np0c

36.1 OS · 01/10/2026

Open source match ↗

1 received units · includes a constructor
863 metal received · 73087 energy received

Allied construction assistance is unknown. Timings are observations, not a promise of solo reproducibility.

Typical milestones

Bot Lab1:12Middle 50%: 0:58–1:22 · n=856
Geothermal Powerplant3:26Middle 50%: 3:10–3:42 · n=854
Advanced Metal Extractor5:34Middle 50%: 5:18–5:56 · n=853
Advanced Geothermal Powerplant7:07Middle 50%: 6:49–7:34 · n=617
Vehicle Plant7:07Middle 50%: 6:41–7:40 · n=816
Advanced Vehicle Plant8:07Middle 50%: 7:41–8:47 · n=777
Starlight9:03Middle 50%: 8:32–9:52 · n=682

Played most by

0neTw086games of this buildzeus_on_god86games of this buildViltrum54games of this buildDamsko44games of this buildXad44games of this build